 Dungeon Crawl Stone Soup version 0.30.1-9-gdf580d7c3d (webtiles) character file.

Game seed: 188351134038922919

355 leafyfresh the Covert (level 6, -1/79 HPs)
             Began as a Gnoll Delver on Oct 11, 2023.
             Was an Initiate of Gozag.
             Succumbed to an adder's poison
             ... on level 5 of the Dungeon on Oct 12, 2023.
             The game lasted 00:09:58 (3803 turns).

leafyfresh the Covert (Gnoll Delver)                Turns: 3803, Time: 00:09:59

Health: -1/79      AC:  4    Str: 11    XL:     6   Next: 63%
Magic:  9/9        EV: 14    Int:  9    God:    Gozag
Gold:   613        SH:  0    Dex: 16    Spells: 5/9 levels left

rFire   . . .        a - +0 short sword
rCold   . . .        (no shield)
rNeg    . . .        b - +0 leather armour
rPois   .            (no helmet)
rElec   .            (no cloak)
rCorr   .            p - +0 pair of gloves
SInv    .            (no boots)
Will    .....        (no amulet) Stlth
                     (no ring)
HPRegen 0.33/turn    (no ring)
MPRegen 0.11/turn

%: no passive effects
@: berserking, lethally poisoned (-1 -> -15), gold aura, very quick
A: fangs 1, strong nose, distributed training
a: Renounce Religion, Potion Petition, Call Merchant, Bribe Branch


You were on level 5 of the Dungeon.
You worshipped Gozag.
Gozag was pleased with you.
You visited 1 branch of the dungeon, and saw 5 of its levels.

You collected 688 gold pieces.
You spent 48 gold pieces at shops.
You paid 27 gold pieces to Gozag.

Inventory:

Hand Weapons
 a - a +0 short sword (weapon)
Missiles
 k - a throwing net (quivered)
 q - 5 boomerangs
Armour
 b - a +0 leather armour (worn)
 p - a +0 pair of gloves (worn)
Jewellery
 w - a ring of ice
Wands
 g - a wand of digging (3)
 i - a wand of flame (30)
 l - a wand of mindburst (23)
Scrolls
 c - a scroll of fog
 d - 3 scrolls of magic mapping
 j - 2 scrolls of immolation
 m - a scroll of amnesia
 n - 2 scrolls of noise
 o - 2 scrolls of identify
 s - a scroll of brand weapon {unknown}
 u - a scroll of enchant weapon {unknown}
Potions
 f - 2 potions of haste
 r - a potion of flight {unknown}
 t - a potion of brilliance {unknown}
 v - a potion of magic {unknown}


   Skills:
 + Level 6.9 Fighting
 + Level 5.0 Short Blades
 + Level 2.1 Long Blades
 + Level 2.1 Axes
 + Level 2.1 Maces & Flails
 + Level 2.1 Polearms
 + Level 2.1 Staves
 + Level 2.1 Ranged Weapons
 + Level 2.1 Throwing
 + Level 2.1 Armour
 + Level 5.0 Dodging
 + Level 9.8 Stealth
 + Level 2.1 Shields
 + Level 2.1 Unarmed Combat
 + Level 2.1 Spellcasting
 + Level 1.7 Conjurations
 + Level 1.7 Hexes
 + Level 1.7 Summonings
 + Level 1.7 Necromancy
 + Level 1.7 Translocations
 + Level 1.7 Transmutations
 + Level 1.7 Fire Magic
 + Level 1.7 Ice Magic
 + Level 1.7 Air Magic
 + Level 1.7 Earth Magic
 + Level 1.7 Poison Magic
 + Level 2.3 Invocations
 + Level 2.1 Evocations


You had 5 spell levels left.
You knew the following spells:

 Your Spells              Type           Power      Damage    Failure   Level
a - Passwall              Tmut/Erth      3%         N/A       32%         2
b - Wereblood             Tmut           4%         N/A       32%         2

Your spell library contained the following spells:

 Spells                   Type           Power      Damage    Failure   Level
 Kiss of Death            Conj/Necr      16%        2d6       22%         1
 Sandblast                Erth           8%         2d5       22%         1
 Summon Small Mammal      Summ           16%        N/A       22%         1
 Sublimation of Blood     Necr           4%         N/A       32%         2
 Call Canine Familiar     Summ           4%         N/A       54%         3
 Confusing Touch          Hex            4%         N/A       54%         3
 Stone Arrow              Conj/Erth      8%         3d7       54%         3
 Summon Guardian Golem    Hex/Summ       4%         N/A       54%         3
 Vhi's Electric Charge    Tloc/Air       8%         N/A       54%         3
 Dispel Undead            Necr           4%         3d7       91%         4
 Arcjolt                  Conj/Air       2%         1d12      99%         5
 Plasma Beam              Fire/Air       2%         2x1d13    100%        6
 Summon Hydra             Summ           2%         N/A       100%        7


Dungeon Overview and Level Annotations

Branches:
Dungeon (5/15)             Temple (0/1) D:4

Altars:
Gozag
Sif Muna

Shops:
D:2 ?


Innate Abilities, Weirdness & Mutations

You have very sharp teeth.
Your uncanny sense of smell can sniff out nearby items.
Your experience applies equally to all skills.


Message History

You hit the scorpion but do no damage.
The scorpion is almost dead.
You feel sick. The adder bites you. The scorpion barely misses you.
Unknown command.
You barely miss the scorpion.
The scorpion is almost dead.
You feel very sick. The adder closely misses you. The scorpion stings you.
You are lethally poisoned!
The scorpion poisons you!
You hit the scorpion but do no damage.
The scorpion is almost dead.
* * * LOW HITPOINT WARNING * * *
You feel very sick. The adder misses you.
The scorpion stings you but does no damage.
You hit the scorpion.
You kill the scorpion!
* * * LOW HITPOINT WARNING * * *
You feel very sick. The adder closely misses you.
Unknown command.
You hit the adder. Your punch misses the adder. Your bite misses the adder.
The adder is moderately wounded.
* * * LOW HITPOINT WARNING * * *
You feel very sick. The adder completely misses you.
You barely miss the adder.
The adder is moderately wounded.
* * * LOW HITPOINT WARNING * * *
You feel very sick. The adder bites you.
* * * LOW HITPOINT WARNING * * *
You are more poisoned.
The adder poisons you!
It was a potion of berserk rage.
A red film seems to cover your vision as you go berserk!
You feel yourself moving faster!
You feel mighty!
You die...
Your body crumbles into a pile of gold.

...... ......
.♣...♣. .♣...♣.
....... .......
....... .......
....... .......
.♣.♣...♣)♣.♣...
......$.S......
.......@.......
...............
...............
##............. #.
#.............
#.....$#.........
#...####...##...>
#......#<........
#...........###...


You could see an adder.

Vanquished Creatures
  A steam dragon (D:4)
  A scorpion (D:5)
  An orc wizard (D:3)
  4 adders
  An ufetubus (D:4)
  2 worms
  2 dart slugs
  12 orcs
  5 ball pythons
  6 bats
  9 endoplasms
  A giant cockroach (D:4)
  11 goblins
  3 hobgoblins
  4 jackals (D:1)
  3 quokkas
  3 frilled lizards
  5 kobolds
  2 rats
76 creatures vanquished.

Notes
Turn   | Place    | Note
-------+----------+-------------------------------------------
     0 | D:5      | Reached skill level 9 in Stealth
     0 | D:5      | leafyfresh the Gnoll Delver began the quest for the Orb.
     0 | D:5      | Reached XP level 1. HP: 23/23 MP: 1/1
    12 | D:5      | Noticed a jelly
   106 | D:4      | Reached XP level 2. HP: 26/29 MP: 2/2
   185 | D:4      | Noticed a steam dragon
   192 | D:4      | Killed a steam dragon
   193 | D:4      | Reached skill level 1 in Long Blades
   193 | D:4      | Reached skill level 1 in Axes
   193 | D:4      | Reached skill level 1 in Maces & Flails
   193 | D:4      | Reached skill level 1 in Polearms
   193 | D:4      | Reached skill level 1 in Staves
   193 | D:4      | Reached skill level 1 in Ranged Weapons
   193 | D:4      | Reached skill level 1 in Throwing
   193 | D:4      | Reached skill level 1 in Armour
   193 | D:4      | Reached skill level 1 in Shields
   193 | D:4      | Reached skill level 1 in Unarmed Combat
   193 | D:4      | Reached skill level 1 in Spellcasting
   193 | D:4      | Reached skill level 1 in Conjurations
   193 | D:4      | Reached skill level 1 in Hexes
   193 | D:4      | Reached skill level 1 in Summonings
   193 | D:4      | Reached skill level 1 in Necromancy
   193 | D:4      | Reached skill level 1 in Translocations
   193 | D:4      | Reached skill level 1 in Transmutations
   193 | D:4      | Reached skill level 1 in Fire Magic
   193 | D:4      | Reached skill level 1 in Ice Magic
   193 | D:4      | Reached skill level 1 in Air Magic
   193 | D:4      | Reached skill level 1 in Earth Magic
   193 | D:4      | Reached skill level 1 in Poison Magic
   193 | D:4      | Reached skill level 1 in Invocations
   193 | D:4      | Reached skill level 1 in Evocations
   193 | D:4      | Reached XP level 3. HP: 35/35 MP: 2/5
   193 | D:4      | Reached XP level 4. HP: 41/41 MP: 2/6
   193 | D:4      | Reached XP level 5. HP: 47/47 MP: 2/7
   269 | D:4      | Found an opulent altar of Gozag.
   288 | D:4      | Became a worshipper of Gozag Ym Sagoz the Greedy
   325 | D:4      | Found a shimmering blue altar of Sif Muna.
   640 | D:4      | Found a staircase to the Ecumenical Temple.
  1347 | D:3      | Reached XP level 6. HP: 42/53 MP: 8/8
  2195 | D:2      | Reached skill level 5 in Short Blades
  2195 | D:2      | Reached skill level 5 in Dodging
  2566 | D:2      | Found Geykheb's Magic Scroll Emporium.
  2571 | D:2      | Bought a scroll of identify for 24 gold pieces
  2571 | D:2      | Bought a scroll of identify for 24 gold pieces
  3107 | D:1      | Learned a level 2 spell: Passwall
  3110 | D:1      | Learned a level 2 spell: Wereblood
  3271 | D:4      | HP: 2/53 [orc priest/nerve-wracking pain (11)]
  3802 | D:5      | HP: 1/53 [adder (3)]
  3803 | D:5      | Succumbed to an adder's poison

Illustrated notes

Levels and vault maps discovered:
D:1:      dpeg_arrival_shelter, layout_rooms
D:2:      layout_rooms, serial_shops, nicolae_shop_just_a_little_nook,
          nicolae_concentric_dashed_squares_mild
D:3:      layout_loops_cross, nicolae_kite_square_tiling_tiny,
          kennysheep_generic_room_16
D:4:      layout_gridville, nicolae_sif_muna_condensation, grunt_gozag_statues,
          minmay_temple_entry_nine_rooms
D:5:      layout_cave_pools, mainiacjoe_overflow_alcove_2, serial_park,
          serial_park_tiny_1, serial_park_tiny_1, serial_park_gazebo
          [serial_park_minivault_5x5_3], serial_park_avenue1, uniq_menkaure

Skill      XL: |  1  2  3  4  5  6 |
---------------+-------------------+-----
Stealth        | |  9.8
Long Blades    | 1 2 |  2.1
Axes           | 1 2 |  2.1
Maces & Flails | 1 2 |  2.1
Polearms       | 1 2 |  2.1
Staves         | 1 2 |  2.1
Ranged Weapons | 1 2 |  2.1
Throwing       | 1 2 |  2.1
Armour         | 1 2 |  2.1
Shields        | 1 2 |  2.1
Unarmed Combat | 1 2 |  2.1
Spellcasting   | 1 2 |  2.1
Conjurations   | 1 |  1.7
Hexes          | 1 |  1.7
Summonings     | 1 |  1.7
Necromancy     | 1 |  1.7
Translocations | 1 |  1.7
Transmutations | 1 |  1.7
Fire Magic     | 1 |  1.7
Ice Magic      | 1 |  1.7
Air Magic      | 1 |  1.7
Earth Magic    | 1 |  1.7
Poison Magic   | 1 |  1.7
Invocations    | 1 2 |  2.3
Evocations     | 1 2 |  2.1
Short Blades   | 5 |  5.0
Dodging        | 5 |  5.0
Fighting       | |  6.9

Action                     |  1- 3 |  4- 6 || total
---------------------------+-------+-------++-------
  Melee: Short sword       |    13 |   335 ||   348
         Bite              |     2 |    41 ||    43
         Punch             |       |     4 ||     4
    Use: Scroll            |       |     4 ||     4
         Potion            |       |     1 ||     1
   Stab: Sleeping          |     1 |    19 ||    20
         Distracted        |       |     2 ||     2
 Armour: Leather armour    |     2 |    62 ||    64
  Dodge: Dodged            |     6 |   186 ||   192
